 Dungeon Crawl Stone Soup version 0.18-b1-22-ge198996 (webtiles) character file.

29 Chiseanne the Magician (level 3, 20/24 HPs)
             Began as a Demonspawn Wizard on May 4, 2016.
             Quit the game on level 2 of the Dungeon.
             The game lasted 00:01:27 (772 turns).

Chiseanne the Magician (Demonspawn Wizard)           Turns: 772, Time: 00:01:28

Health: 20/24      AC:  5    Str:  7    XL:     3   Next: 1%
Magic:  8/8        EV:  9    Int: 20    God:
Gold:   72         SH:  0    Dex: 11    Spells: 3 memorised, 4 levels left

rFire  . . .     SeeInvis .     e - +0 club
rCold  . . .     Gourm    .     l - +0 ring mail
rNeg   . . .     Faith    .     (no shield)
rPois  .         Spirit   .     b - +0 hat
rElec  .         Dismiss  .     (no cloak)
rCorr  .         Reflect  .     (no gloves)
SustAt .         Harm     .     (no boots)
MR     .....                    (no amulet)
Stlth  +.........               (no ring)
                                (no ring)

@: not resistant to hostile enchantments, very unstealthy
A: claws 1, spiny 1
a: no special abilities


You were on level 2 of the Dungeon.
You were not hungry.

You visited 1 branch of the dungeon, and saw 2 of its levels.

You collected 72 gold pieces.

Inventory:

Hand Weapons
 e - a +0 club (weapon)
Missiles
 i - 2 stones (quivered)
 j - 13 sling bullets
 k - 20 arrows
Armour
 b - a +0 hat (worn)
 l - a +0 ring mail (worn)
Scrolls
 g - 2 scrolls of identify
Potions
 f - a potion of degeneration {unknown}
Books
 c - a book of Minor Magic

   Spells                             Type                      Level
   a - Magic Dart                     Conjuration                  1
   b - Blink                          Translocation                2
   c - Call Imp                       Summoning                    2
   d - Repel Missiles                 Charms/Air                   2
   e - Slow                           Hexes                        2
   f - Conjure Flame                  Conjuration/Fire             3
   g - Mephitic Cloud                 Conjuration/Poison/Air       3
Comestibles
 d - a bread ration
 h - a meat ration


   Skills:
 - Level 1.7 Dodging
 - Level 1.7 Stealth
 * Level 3.5 Spellcasting
 * Level 2.0 Conjurations
   Level 1.0 Summonings
 - Level 0.8 Translocations


You had 4 spell levels left.
You knew the following spells:

 Your Spells              Type           Power        Failure   Level  Hunger
a - Magic Dart            Conj           ##..         24%         1    None
b - Blink                 Tloc           N/A          58%         2    ##.....
c - Repel Missiles        Chrm/Air       #.....       82%         2    ##.....


Dungeon Overview and Level Annotations

Branches:
Dungeon (2/15)

Altars:


Innate Abilities, Weirdness & Mutations

You have sharp fingernails.
You are partially covered in sharp spines.


Message History

The giant cockroach closely misses you.
You hit the giant cockroach.
The giant cockroach is severely wounded.
The giant cockroach is struck by your spines.
You kill the giant cockroach!
The goblin hits you but does no damage.
You completely miss the goblin. The goblin is struck by your spines.
You kill the goblin!
The goblin completely misses you.
You hit the goblin.
The goblin is moderately wounded.
The goblin is struck by your spines.
You kill the goblin!
You have reached level 3!
Your experience leads to an increase in your attributes!
Increase (S)trength, (I)ntelligence, or (D)exterity?
You feel clever.
Your demonic ancestry asserts itself...
Your fingernails lengthen.
The goblin hits you.
Are you sure you want to abandon this character and quit the game? (Confirm with "yes".)

................
................
................
................
................
................
........†g......
.......<@).#
s....!.#.#......
....##......$...
... ###.##.....
. ... #... ...
.. .... . .....


You could see a goblin.

Vanquished Creatures
  An ooze (D:1)
  A giant gecko (D:1)
  A giant cockroach (D:2)
  5 goblins
  3 hobgoblins (D:1)
  3 jackals (D:1)
  3 kobolds
  2 bats (D:1)
  A rat (D:1)
20 creatures vanquished.

Notes
Turn   | Place    | Note
--------------------------------------------------------------
     0 | D:1      | Chiseanne the Demonspawn Wizard began the quest for the Orb.
     0 | D:1      | Reached XP level 1. HP: 13/13 MP: 4/4
   232 | D:1      | Gained mutation: You are partially covered in sharp spines. [demonic ancestry]
   232 | D:1      | Reached XP level 2. HP: 19/19 MP: 3/6
   758 | D:1      | Learned a level 2 spell: Blink
   761 | D:1      | Learned a level 2 spell: Repel Missiles
   771 | D:2      | Gained mutation: You have sharp fingernails. [demonic ancestry]
   771 | D:2      | Reached XP level 3. HP: 24/24 MP: 8/8
   772 | D:2      | Quit the game

Skill      XL: |  1  2 |
---------------+-------+-----
Conjurations   | 2 |  2.0
Dodging        | |  1.7
Stealth        | |  1.7
Spellcasting   | |  3.5
Summonings     | |  1.0
Translocations | |  0.8

Action                   || total
-------------------------++-------
Melee: Club              ||    20
 Cast: Magic Dart        ||    15
  Use: Scroll            ||     1
 Stab: Sleeping          ||     1
Armor: Robe              ||     2
       Ring mail         ||     1
Dodge: Dodged            ||    14
